 Dungeon Crawl Stone Soup version 0.27-a0-1217-g8a41f320e8 (webtiles) character file.

Game seed: 13983418647746437900

2201 Gwenloh the Agent of Entropy (level 9, 0/63 HPs)
             Began as a Demonspawn Abyssal Knight on June 5, 2021.
             Was a Priest of Lugonu.
             Slain by a killer bee (1 damage)
             ... on level 8 of the Dungeon.
             The game lasted 00:28:40 (10016 turns).

Gwenloh the Agent of Entropy (DsAK)                Turns: 10016, Time: 00:28:43

Health: 0/63       AC: 13    Str: 12    XL:     9   Next: 12%
Magic:  8/16       EV: 10    Int: 21    God:    Lugonu [***...]
Gold:   279        SH:  4    Dex: 15    Spells: 8/8 levels left

rFire    . . .     SeeInvis .   a - +1 morningstar
rCold    . . .     Faith    +   (no shield)
rNeg     . . .     Spirit   .   l - +0 ring mail
rPois    .         Reflect  .   p - +1 helmet
rElec    .         Harm     .   w - +0 cloak
rCorr    .         Rampage  .   n - +2 pair of gloves
Will     .....                  D - +1 pair of boots
Stlth    +.........             o - amulet of faith
HPRegen  0.20/turn              F - +6 ring of intelligence
MPRegen  0.15/turn              (no ring)

@: no status effects
A: hooves 1, large bone plates 1, foul stench 2, demonic magic 1
a: Renounce Religion, Depart the Abyss, Bend Space, Banish


You were on level 8 of the Dungeon.
You worshipped Lugonu.
Lugonu was most pleased with you.
You visited 2 branches of the dungeon, and saw 9 of its levels.
You visited the Abyss 1 time.

You collected 279 gold pieces.

Inventory:

Hand Weapons
 a - a +1 morningstar (weapon)
 b - a +0 hunting sling
Missiles
 e - 294 stones
 h - a datura-tipped dart
 m - 117 bolts
 s - 4 boomerangs
 t - 35 sling bullets
 C - 48 poisoned darts (quivered)
 E - 8 curare-tipped darts
Armour
 l - a +0 ring mail (worn)
 n - a +2 pair of gloves (worn)
 p - a +1 helmet (worn)
 w - a +0 cloak (worn)
 D - a +1 pair of boots (worn)
Jewellery
 o - an amulet of faith (around neck)
 v - a ring of ice
 F - a +6 ring of intelligence (left hand)
Scrolls
 c - a scroll of blinking
 k - 4 scrolls of teleportation
 q - 2 scrolls of fog
 y - a scroll of vulnerability
 z - 2 scrolls of magic mapping
 A - a scroll of amnesia
Potions
 d - 3 potions of curing
 f - 2 potions of berserk rage
 g - a potion of haste {unknown}
 i - a potion of lignification {unknown}
 j - 2 potions of heal wounds {unknown}
 r - a potion of might {unknown}
 u - a potion of degeneration {unknown}
 x - a potion of ambrosia {unknown}
 B - a potion of resistance {unknown}


   Skills:
 - Level 3.0 Fighting
 * Level 9.3 Maces & Flails
 - Level 1.7 Armour
 - Level 0.8 Dodging
 + Level 9.4 Invocations


You had 8 spell levels left.
You didn't know any spells.
Your spell library was empty.

Dungeon Overview and Level Annotations

Branches:
Dungeon (8/15)             Temple (1/1) D:4
   Lair: D:8-11

Altars:
Cheibriados
Fedhas
Hepliaklqana
Makhleb
Okawaru
Qazlal
Ru
Sif Muna
Trog
Vehumet
Wu Jian
Xom
Zin

Shops:
D:4 [

Annotations:
D:2 Terence
D:6 3 runed translucent doors, senseless's ghost, novice KoHu
D:8 corrupted


Innate Abilities, Weirdness & Mutations

You have large cloven feet.
You are partially covered in large bone plates. (SH +4)
You sometimes emit foul miasma when damaged in melee.
Spells you cast may paralyse adjacent enemies.


Message History

You block the killer bee's attack.
The killer bee stings you but does no damage. x2
You miss the killer bee.
The killer bee is almost dead.
The killer bee barely misses you. x2
The killer bee stings you but does no damage. x2
The killer bee barely misses you.
The killer bee stings you but does no damage.
The killer bee barely misses you.
The killer bee stings you but does no damage.
The killer bee stings you.
* * * LOW HITPOINT WARNING * * *
Space bends sharply around you!
The killer bee blinks! x4; You blink.
You barely miss the killer bee.
The killer bee is almost dead.
The killer bee stings you.
* * * LOW HITPOINT WARNING * * *
The killer bee stings you but does no damage. x2
The killer bee closely misses you.
You closely miss the killer bee.
The killer bee is almost dead.
The killer bee closely misses you. You block the killer bee's attack.
The killer bee stings you but does no damage.
The killer bee barely misses you.
The killer bee stings you but does no damage.
You block the killer bee's attack.
You miss the killer bee.
The killer bee is almost dead.
You block the killer bee's attack.
The killer bee completely misses you. x2
The killer bee barely misses you. The killer bee stings you.
* * * LOW HITPOINT WARNING * * *
The killer bee barely misses you.
Lugonu's Hand of Corruption reaches out!
You can no longer corrupt the fabric of space.
The killer bee misses you. You block the killer bee's attack.
The killer bee stings you but does no damage.
The killer bee closely misses you. The killer bee stings you.
* * * LOW HITPOINT WARNING * * *
You emit a cloud of foul miasma!
The killer bee stings you.
You die... ####.#...#.....#.# #.# ...............#.# #.# .....#...........# #.# #######.#.######## #.# #.Xxz

#.# ## #.3. . ####.# ..
###.##xX. #....# #
#.#.y.55# #.#### #.
#..@y..X## #.# . ..
###yJb..... ##.##
....#.#.Xh#.x#.x.###...###
(..((((....X..5.X.........
....#(d(##3..5..####...###
. #q5#..h.X.X.. ##.##
#..##..x...3. #.# #.
##.W.W#.. #.# ##+## #.#


You could see 3 killer bees, a neutral starcursed mass (summoned), a neutral
black draconian monk (summoned), a neutral purple draconian (summoned), 2
neutral tentacled starspawn, 5 neutral large abominations, a neutral smoke demon
(summoned), 2 neutral raiju, 2 neutral neqoxecs, 2 neutral wraiths, 5 neutral
small abominations, a neutral fire bat (summoned), a neutral jelly (summoned), 2
neutral iron imps, a neutral wight (summoned), a neutral quasit (summoned) and 2
neutral ufetubi.

Vanquished Creatures
  A wyvern (D:6)
  A water moccasin (D:7)
  An orc warrior (D:7)
  2 ice beasts (D:7)
  A black bear (D:6)
  2 ogres (D:4)
  A centaur (D:5)
  2 kobold brigands
  A phantom (D:7)
  A bullfrog (D:7)
  3 scorpions
  2 killer bees (D:8)
  5 wights (D:8)
  A centaur zombie (D:5)
  A hound (D:3)
  An orc priest (D:7)
  A bullfrog skeleton (D:6)
  2 iguanas
  A scorpion zombie (D:5)
  3 orc wizards
  3 hound skeletons
  A howler monkey zombie (D:5)
  2 howler monkey skeletons
  10 adders
  A shadow imp (D:7)
  An ufetubus (D:5)
  2 worms
  4 dart slugs
  14 orcs
  3 bats
  6 endoplasms
  3 giant cockroaches
  11 goblins
  15 hobgoblins
  5 jackals
  11 kobolds
  2 quokkas (D:3)
  6 ball pythons
  2 frilled lizards (D:2)
  A quokka skeleton (D:4)
  5 rats
141 creatures vanquished.

Vanquished Creatures (collateral kills)
  A jackal (D:1)
1 creature vanquished.

Vanquished Creatures (others)
  A killer bee (D:8)
  2 fungi (D:6)
  2 plants (D:6)
5 creatures vanquished.

Grand Total: 147 creatures vanquished

Notes
Turn   | Place    | Note
-------+----------+-------------------------------------------
     0 | Abyss:1  | Gwenloh the Demonspawn Abyssal Knight began the quest for
                  | the Orb.
     0 | Abyss:1  | Reached XP level 1. HP: 18/18 MP: 2/2
    16 | D:1      | Escaped the Abyss
   280 | D:1      | Gained mutation: You may rarely emit foul miasma when
                  | damaged in melee. [demonic ancestry]
   280 | D:1      | Reached XP level 2. HP: 18/24 MP: 4/4
   885 | D:2      | Reached ** piety under Lugonu
   895 | D:2      | Gained mutation: You are partially covered in large bone
                  | plates. (SH +4) [demonic ancestry]
   895 | D:2      | Reached XP level 3. HP: 28/29 MP: 5/5
  1225 | D:2      | Found a faded altar of an unknown god.
  1371 | D:2      | HP: 1/29 [worm (6)]
  2099 | D:3      | Gained mutation: Spells you cast may paralyse adjacent
                  | enemies. [demonic ancestry]
  2099 | D:3      | Reached XP level 4. HP: 31/35 MP: 6/6
  2143 | D:3      | Noticed Terence
  2998 | D:4      | Noticed an ogre
  3181 | D:4      | Noticed an ogre
  3515 | D:4      | Found a staircase to the Ecumenical Temple.
  3549 | D:3      | Reached *** piety under Lugonu
  3699 | D:3      | Reached XP level 5. HP: 39/41 MP: 8/8
  3780 | D:4      | Killed an ogre
  4441 | D:4      | Found a sacrificial altar of Ru.
  4498 | D:4      | Reached skill level 5 in Invocations
  4498 | D:4      | Gained mutation: You have large cloven feet. [demonic
                  | ancestry]
  4498 | D:4      | Reached XP level 6. HP: 47/47 MP: 9/9
  4557 | D:4      | Found Munebael's Antique Armour Emporium.
  4719 | D:4      | Reached skill level 5 in Maces & Flails
  4746 | Temple   | Entered the Ecumenical Temple
  4765 | D:5      | Entered Level 5 of the Dungeon
  4941 | D:4      | Reached XP level 7. HP: 35/52 MP: 11/11
  6488 | D:6      | Noticed a wyvern
  6501 | D:6      | Killed a wyvern
  6696 | D:6      | Found a runed translucent gate.
  6696 | D:6      | Found a runed translucent gate.
  6696 | D:6      | Found a runed translucent gate.
  6696 | D:6      | Noticed senseless's ghost (novice KoHu)
  6814 | D:6      | Reached XP level 8. HP: 57/58 MP: 13/13
  7487 | D:7      | Reached **** piety under Lugonu
  9149 | D:8      | Gained mutation: You sometimes emit foul miasma when
                  | damaged in melee. [demonic ancestry]
  9149 | D:8      | Reached XP level 9. HP: 8/59 MP: 15/15
 10016 | D:8      | Corrupted D:8
 10016 | D:8      | Noticed a large abomination
 10016 | D:8      | Noticed a black draconian monk
 10016 | D:8      | Noticed a large abomination
 10016 | D:8      | Noticed a purple draconian
 10016 | D:8      | Noticed a tentacled starspawn
 10016 | D:8      | Noticed a tentacled starspawn
 10016 | D:8      | Noticed a starcursed mass
 10016 | D:8      | Noticed a smoke demon
 10016 | D:8      | HP: 1/63 [killer bee (6)]
 10016 | D:8      | Slain by a killer bee

Illustrated notes

Levels and vault maps discovered:
D:1:      erik_arrival_triangle_medium, layout_rooms
D:2:      cheibrodos_greedy_goblins, layout_basic,
          chequers_ecumenical_altar_simple_redux, kennysheep_generic_room_3
D:3:      layout_rooms, uniq_terence
D:4:      layout_rooms, nicolae_ru_path_of_blood, minmay_temple_entry_glass,
          serial_shops, nicolae_shop_window_shopping, serial_glass,
          glass_columns_b, glass_columns_c, glass_columns_a, glass_columns_b,
          glass_columns_a, glass_columns_c
D:5:      layout_cave_pools, nicolae_zen_rock_garden
D:6:      black_bear_nest_2, layout_loops_ring, gammafunk_ghost_nasty_kobolds
D:7:      layout_loops_ring
D:8:      layout_loops_corners, lair_entry_dummy
Temple:   dpeg_three_leaves_temple

Skill      XL: |  1  2  3  4  5  6  7  8 |
---------------+-------------------------+-----
Maces & Flails | 2 3 4 5 7 9 |  9.3
Invocations    | 3 4 5 6 7 9 |  9.4
Fighting       | |  3.0
Armour         | |  1.7
Dodging        | |  0.8

Action                   |  1- 3 |  4- 6 |  7- 9 || total
-------------------------+-------+-------+-------++-------
Melee: Mace              |    56 |   154 |    51 ||   261
       Kick              |       |    17 |    18 ||    35
       Flail             |       |       |    31 ||    31
       Morningstar       |       |       |   187 ||   187
 Fire: Hunting sling     |   116 |   101 |    88 ||   305
Throw: Dart              |     2 |     1 |    14 ||    17
Invok: Bend Space        |       |    12 |     3 ||    15
       Banish            |       |       |     1 ||     1
       Corrupt           |       |       |     1 ||     1
Evoke: Wand              |       |       |     3 ||     3
  Use: Scroll            |       |     6 |     7 ||    13
       Potion            |       |       |     1 ||     1
Armor: Leather armour    |     3 |       |       ||     3
       Ring mail         |    24 |    91 |   186 ||   301
Dodge: Dodged            |    36 |   105 |   154 ||   295
Block: Other             |    11 |    41 |    48 ||   100

Table legend: (Time is in decaauts)
 A = Elapsed time spent in this place.
 B = Non-inter-level travel time spent in this place.
 C = Inter-level travel time spent in this place.
 D = Time resting spent in this place.
 E = Time spent auto-exploring this place.
 F = Levels seen in this place.
 G = Mean time per level.
                   A        B        C        D        E       F      G
               +--------+--------+--------+--------+--------+-----+--------+
         Total |  10068 |   9757 |    311 |   1652 |   6306 |  10 | 1006.8 |
       Dungeon |  10050 |   9739 |    311 |   1652 |   6304 |   8 | 1256.2 |
        Temple |      1 |      1 |      0 |      0 |      0 |   1 |    1.0 |
         Abyss |     16 |     16 |      0 |      0 |      2 |   1 |   16.0 |
               +--------+--------+--------+--------+--------+-----+--------+

Top non-repeatable levels by time:
     D:7: 2182 daAuts
     D:3: 1696 daAuts
     D:2: 1251 daAuts
     D:5: 1124 daAuts
     D:4: 1068 daAuts
     D:6: 1052 daAuts
     D:1: 980 daAuts
     D:8: 695 daAuts
 Abyss:1: 16 daAuts
  Temple: 1 daAuts
